AoeStats
← luludul

MegaRandom

510291526Analyzed
2v2 RM · 24h ago on Sep 30, 2026· 67m 0s· 4 players
Game mode
Random Map
Map size
Medium (4 player)
Population
200
Speed
Normal
Resources
Standard
Victory
Conquest
Starting age
Dark Age
Ending age
Imperial Age
RankedLock teamsTeams togetherTeam positionsShared explorationLock speedFull tech treeHidden civsTurbo modeCheats
Victory
Defeat
🇷🇺 Wei · Russia
1141
+16
🇫🇷 Khmer · France
1142
-16
🇹🇷 Inca · Türkiye
1140
-16
luludul
7:54 Loom
10:10 Feudal Age
10:29 Champi Runner
16:14 Arson
17:38 Double-Bit Axe
20:02 Castle Age
20:00 Scale Mail Armor
19:54 Horse Collar
21:12 Squires
21:32 Forging
21:50 Champi Warrior
24:17 Gold Mining
24:28 Heavy Plow
25:53 Chain Mail Armor
26:56 Iron Casting
28:14 Pikeman
41:22 Bow Saw
43:51 Imperial Age
42:46 Andean Sling
43:32 Fletching
43:43 Padded Archer Armor
44:50 Thumb Ring
44:06 Elite Skirmisher
45:50 Chemistry
45:11 Ballistics
44:47 Murder Holes
44:26 Elite Champi Warrior
44:26 Halberdier
45:43 Plate Mail Armor
45:09 Bodkin Arrow
49:14 Blast Furnace
Hedip
5:09 Loom
9:52 Feudal Age
10:47 Double-Bit Axe
14:43 Wheelbarrow
17:16 Castle Age
15:18 Gold Mining
16:26 Bloodlines
18:47 Horse Collar
21:48 Forging
21:44 Scale Barding Armor
22:28 Bow Saw
27:32 Chain Barding Armor
28:02 Pikeman
29:21 Iron Casting
28:48 Scale Mail Armor
33:23 Wheelbarrow
32:34 Town Watch
33:08 Husbandry
34:22 Hand Cart
38:23 Imperial Age
35:54 Town Patrol
37:19 Sanctity
37:13 Fervor
38:56 Cavalier
41:05 Blast Furnace
40:41 Plate Barding Armor
41:08 Blast Furnace
39:45 Elite Battle Elephant
43:38 Chain Mail Armor
43:14 Fletching
43:25 Padded Archer Armor
44:38 Conscription
43:49 Elite Ballista Elephant
46:50 Chemistry
46:10 Ballistics
46:30 Murder Holes
48:18 Heavy Scorpion
49:32 Leather Archer Armor
49:13 Bodkin Arrow
49:35 Leather Archer Armor
49:39 Siege Engineers
57:04 Bracer
57:35 Ring Archer Armor
60:05 Fortified Wall
59:45 Guard Tower
60:07 Masonry
61:21 Light Cavalry
62:02 Halberdier
62:39 Hussar
KanneuZ
4:30 Loom
10:34 Feudal Age
11:28 Double-Bit Axe
11:23 Horse Collar
11:52 Gold Mining
16:28 Bloodlines
21:47 Castle Age
26:04 Fervor
28:22 Wheelbarrow
29:50 Husbandry
33:16 Bow Saw
33:07 Heavy Plow
34:44 Forging
34:39 Scale Barding Armor
34:26 Fletching
34:36 Padded Archer Armor
38:17 Thumb Ring
39:40 Iron Casting
39:25 Chain Barding Armor
39:01 Bodkin Arrow
40:10 Leather Archer Armor
41:31 Ballistics
43:30 Gold Shaft Mining
44:15 Masonry
45:38 Hand Cart
45:08 Town Watch
54:10 Imperial Age
55:12 Town Patrol
56:01 Bracer
56:31 Ring Archer Armor
57:02 Blast Furnace
55:52 Heavy Hei Guang Cavalry
61:48 Block Printing
63:32 Stone Mining
65:16 Chemistry
Беспонтовый корешок
0:56 Loom
11:38 Feudal Age
16:36 Castle Age
15:16 Double-Bit Axe
17:28 Husbandry
17:36 Horse Collar
20:01 Bloodlines
20:55 Town Watch
21:56 Forging
23:06 Scale Barding Armor
25:23 Iron Casting
29:06 Wheelbarrow
29:40 Scale Mail Armor
31:57 Town Patrol
32:54 Squires
32:40 Arson
32:41 Gambesons
33:32 Bow Saw
34:18 Scale Mail Armor
37:29 Heavy Plow
38:36 Hand Cart
43:10 Imperial Age
43:49 Chain Mail Armor
43:11 Elite Varangian Guard
45:08 Blast Furnace
44:26 Masonry
51:31 Plate Mail Armor
51:36 Treadmill Crane
52:18 Ballistics
53:34 Chemistry
53:30 Conscription
52:32 Gothikon
53:41 Gold Mining
54:03 Fletching
54:45 Bodkin Arrow
55:50 Architecture
Connection lost

Rejoining the realm…

Still unreachable

The connection could not be restored.

Session expired

The server has moved on; the page needs a fresh start.